 Dungeon Crawl Stone Soup version 0.27.1-2-g3b301248ec (webtiles) character file.

Game seed: 5502577817098097584

15 dolphindude5238 the Skirmisher (level 2, 0/32 HPs)
             Began as an Ogre Fighter on Sept 29, 2021.
             Succumbed to an adder's poison
             ... on level 3 of the Dungeon.
             The game lasted 00:06:59 (1155 turns).

dolphindude5238 the Skirmisher (Ogre Fighter)       Turns: 1155, Time: 00:07:00

Health: 0/32       AC:  3    Str: 19    XL:     2   Next: 50%
Magic:  2/2        EV:  8    Int:  9    God:
Gold:   40         SH:  8    Dex:  8    Spells: 1/1 levels left

rFire    . . .     SeeInvis .   a - +0 flail
rCold    . . .     Faith    .   c - +0 kite shield
rNeg     . . .     Spirit   .   b - +0 robe
rPois    .         Reflect  .   (helmet restricted)
rElec    .         Harm     .   (no cloak)
rCorr    .         Rampage  .   (gloves unavailable)
Will     .....                  (boots unavailable)
Stlth    +.........             (no amulet)
HPRegen  0.10/turn              (no ring)
MPRegen  0.08/turn              (no ring)

@: mighty, lethally poisoned (0 -> -2), very slightly contaminated, hasted,
invisible, very quick
A: large, unfitting armour, tough skin 1
a: no special abilities


You were on level 3 of the Dungeon.
You visited 1 branch of the dungeon, and saw 3 of its levels.

You collected 40 gold pieces.

Inventory:

Hand Weapons
 a - a +0 flail (weapon)
 g - a +0 vorpal spear
Armour
 b - a +0 robe (worn)
 c - a +0 kite shield (worn)
 e - a +0 robe
Scrolls
 i - a scroll of amnesia {unknown}


   Skills:
 + Level 4.2 Fighting
 * Level 2.2 Maces & Flails
 - Level 0.2 Armour
 + Level 2.8 Dodging
 - Level 2.7 Shields


You had one spell level left.
You didn't know any spells.
Your spell library contained the following spells:

 Spells                   Type           Power      Damage    Failure   Level
 Gell's Gravitas          Tloc           0%         N/A       99%         3
 Lesser Beckoning         Tloc           0%         N/A       99%         3
 Teleport Other           Tloc           0%         N/A       99%         3


Dungeon Overview and Level Annotations

Branches:
Dungeon (2/15)

Altars:


Innate Abilities, Weirdness & Mutations

You are too large for most types of armour.
You have tough skin. (AC +1)


Message History

You are too injured to fight recklessly!
You are too injured to fight recklessly!
You feel very mighty all of a sudden.
You feel sick. The adder barely misses you. The ball python barely misses you.
You block the goblin's attack. The adder bites you but does no damage.
You block the adder's attack.
You are too injured to fight recklessly!
You are too injured to fight recklessly!
You miss the adder.
You feel sick. The ball python bites you.
You block the adder's attack. x2; You block the goblin's attack.
The ball python bites you.
* * * LOW HITPOINT WARNING * * *
The adder bites you.
* * * LOW HITPOINT WARNING * * *
You are lethally poisoned!
The adder poisons you! You block the adder's attack.
The goblin barely misses you.
It was a potion of invisibility.
You fade into invisibility!
* * * LOW HITPOINT WARNING * * *
You feel sick.
The ball python bites you but does no damage.
The adder closely misses you. The adder completely misses you.
You block the goblin's attack.
You are very lightly contaminated with residual magic.
It was a potion of haste.
You feel yourself speed up.
* * * LOW HITPOINT WARNING * * *
You feel sick. The ball python barely misses you. The adder barely misses you.
The adder closely misses you. The ball python misses you.
You block the adder's attack. The goblin barely misses you.
* * * LOW HITPOINT WARNING * * *
You feel sick.
A rat comes into view.
Found a short sword.
Found a scroll labelled XIKOILU FAGUASS.
* * * LOW HITPOINT WARNING * * *
You feel sick.
* * * LOW HITPOINT WARNING * * *
You feel sick.
You die...

#...##.........
#...#............
##..#.$...........
#..#.......♣.?♣..
#..S.....$.......
##.Sg...[........
###..g....♣..♣..
#..S..........
#.....@.......
##)...........
##...........
##..........
##...r.....
##.)......
#########


You could see 2 adders, 2 goblins, a ball python and a rat (wandering).

Vanquished Creatures
  4 bats (D:1)
  2 hobgoblins (D:1)
  3 kobolds
  A quokka (D:1)
  2 frilled lizards (D:1)
  3 rats
15 creatures vanquished.

Notes
Turn   | Place    | Note
-------+----------+-------------------------------------------
     0 | D:1      | dolphindude5238 the Ogre Fighter began the quest for the
                  | Orb.
     0 | D:1      | Reached XP level 1. HP: 24/24 MP: 1/1
   409 | D:1      | Reached XP level 2. HP: 26/32 MP: 2/2
  1125 | D:2      | You fall into a shaft and drop 1 floor!
  1153 | D:3      | HP: 1/32 [poisoned by an adder]
  1155 | D:3      | Succumbed to an adder's poison

Illustrated notes

Levels and vault maps discovered:
D:1:      saegor_arrival_simple_b, layout_basic
D:2:      layout_rooms, serial_shops, shop,
          hellmonk_ecumenical_altar_crossroads, minmay_lizard_pond, uniq_natasha
D:3:      layout_basic, tso_altar, eino_tiny_chamber, kennysheep_cross_room

Skill      XL: |  1 |
---------------+----+-----
Maces & Flails | 2 |  2.2
Fighting       | |  4.2
Armour         | |  0.2
Dodging        | |  2.8
Shields        | |  2.7

Action                   || total
-------------------------++-------
Melee: Flail             ||    59
  Use: Potion            ||     3
Armor: Robe              ||    34
Dodge: Dodged            ||    50
Block: Kite shield       ||    55
